General information
- name: BNet
- type: Ladder 1vs1/FFA
- host: Battle.net
- saver: ZombieMachoMan
map: LostTemple
- players: 2
- length: 47:45
- speed: Fast
- version: 1.26 W3XP
- replay type: Public
» download(125 KB)
Players
team 1 (winner)
ZombieMachoMan (
purple | 68 APM | 3240 actions | 47:45)
6 Archmage
3 Blizzard
2 Brilliance Aura
1 Mass Teleport
6 Blood Mage
3 Flame Strike
2 Siphon Mana
1 Summon Phoenix
3 Mountain King
2 Storm Bolt
1 Thunder Clap
» actions
| Assign group hotkey | 77 | |
| Basic commands | 130 | |
| Build / train | 197 | |
| ESC pressed | 9 | |
| Enter build submenu | 63 | |
| Enter hero's abilities submenu | 15 | |
| Give item / drop item | 11 | |
| Right click | 1087 | |
| Select / deselect | 625 | |
| Select group hotkey | 626 | |
| Use ability | 400 | |
3240 total
» units
| Peasant | 32 | |
| Goblin Shredder | 4 | |
| Dragonhawk Rider | 20 | |
| Flying Machine | 25 | |
| Sorceress | 3 | |
| Goblin Zeppelin | 1 | |
85 total
» upgrades
| Swords | 3 | |
| Armor | 3 | |
| Cloud | 1 | |
| Storm Hammers | 1 | |
| Masonry | 3 | |
| Magic Sentry | 1 | |
| Sorceress Training | 3 | |
| Flak Cannons | 1 | |
| Plating | 3 | |
| Gunpowder | 3 | |
| Flying Machine Bombs | 1 | |
23 total
» buildings
| Altar of Kings | 1 | |
| Farm | 12 | |
| Arcane Vault | 1 | |
| Lumber Mill | 2 | |
| Scout Tower | 62 | |
| Arcane Tower | 8 | |
| Town Hall | 4 | |
| Guard Tower | 19 | |
| Keep | 1 | |
| Blacksmith | 2 | |
| Gryphon Aviary | 5 | |
| Castle | 1 | |
| Arcane Sanctum | 1 | |
| Workshop | 2 | |
| Barracks | 1 | |
122 total
» build order
00:07 Altar of Kings
00:29 Farm
01:02 Arcane Vault
01:09 Farm
01:25 Lumber Mill
01:39 Scout Tower
02:20 Arcane Tower
02:42 Farm
03:00 Farm
03:15 Scout Tower
03:24 Scout Tower
03:57 Town Hall
04:01 Scout Tower
04:05 Arcane Tower
04:16 Arcane Tower
05:10 Scout Tower
05:10 Scout Tower
05:12 Scout Tower
05:13 Scout Tower
05:13 Scout Tower
06:01 Scout Tower
06:02 Scout Tower
06:03 Scout Tower
06:04 Scout Tower
06:08 Scout Tower
06:08 Scout Tower
06:11 Guard Tower
06:15 Scout Tower
06:16 Scout Tower
06:20 Scout Tower
06:21 Scout Tower
06:21 Scout Tower
06:23 Scout Tower
06:36 Guard Tower
07:00 Guard Tower
07:02 Guard Tower
07:49 Guard Tower
07:56 Keep
08:07 Scout Tower
08:08 Scout Tower
08:08 Scout Tower
08:13 Farm
08:38 Guard Tower
08:39 Guard Tower
09:01 Blacksmith
09:01 Blacksmith
09:28 Farm
09:28 Farm
09:29 Farm
10:08 Guard Tower
10:19 Gryphon Aviary
10:20 Gryphon Aviary
10:21 Gryphon Aviary
10:21 Gryphon Aviary
10:22 Gryphon Aviary
11:03 Farm
11:17 Arcane Tower
11:17 Guard Tower
11:18 Castle
11:20 Scout Tower
11:20 Scout Tower
11:24 Farm
11:24 Farm
11:25 Farm
13:49 Arcane Sanctum
13:57 Arcane Tower
13:58 Guard Tower
15:27 Workshop
15:29 Workshop
15:33 Scout Tower
15:34 Scout Tower
15:35 Scout Tower
15:38 Scout Tower
15:39 Scout Tower
16:06 Scout Tower
16:07 Scout Tower
16:08 Scout Tower
16:09 Scout Tower
16:10 Scout Tower
16:11 Scout Tower
16:25 Town Hall
16:42 Scout Tower
16:44 Guard Tower
17:18 Guard Tower
17:25 Guard Tower
17:27 Scout Tower
17:27 Scout Tower
17:28 Scout Tower
17:29 Scout Tower
17:32 Scout Tower
17:33 Scout Tower
17:37 Guard Tower
22:03 Town Hall
22:35 Scout Tower
22:35 Scout Tower
22:36 Scout Tower
22:37 Scout Tower
22:38 Scout Tower
22:38 Scout Tower
22:39 Scout Tower
22:40 Scout Tower
24:28 Arcane Tower
24:45 Guard Tower
26:47 Guard Tower
27:38 Town Hall
27:42 Scout Tower
27:43 Scout Tower
27:43 Scout Tower
27:44 Scout Tower
28:14 Scout Tower
28:15 Scout Tower
28:16 Scout Tower
28:17 Scout Tower
28:23 Scout Tower
28:24 Scout Tower
28:26 Arcane Tower
28:28 Guard Tower
33:14 Guard Tower
33:37 Guard Tower
33:38 Arcane Tower
43:55 Barracks
46:49 Lumber Mill
» items
| Mechanical Critter | 6 | |
| Lesser Clarity Potion | 5 | |
| Scroll of Regeneration | 6 | |
| Potion of Healing | 7 | |
| Scroll of Town Portal | 4 | |
| Potion of Mana | 3 | |
| Boots of Speed | 2 | |
| Periapt of Vitality | 2 | |
| Potion of Invisibility | 1 | |
| Staff of Teleportation | 1 | |
| Staff of Sanctuary | 2 | |
| Orb of Fire | 1 | |
40 total
team 2 (loser)

»
hammertest (
pink | 20 APM | 953 actions | 47:43)
8 Warden
3 Shadow Strike
3 Fan of Knives
1 Spirit of Vengeance
1 Blink
» actions
| Assign group hotkey | 36 | |
| Build / train | 106 | |
| Enter build submenu | 28 | |
| Enter hero's abilities submenu | 8 | |
| Give item / drop item | 2 | |
| Right click | 289 | |
| Select / deselect | 278 | |
| Select group hotkey | 110 | |
| Use ability | 96 | |
953 total
» units
| Wisp | 21 | |
| Archer | 3 | |
| Huntress | 5 | |
| Hippogryph | 25 | |
| Druid of the Claw | 6 | |
| Druid of the Talon | 5 | |
| Faerie Dragon | 7 | |
| Chimaera | 3 | |
| Glaive Thrower | 1 | |
76 total
» upgrades
| Strength of the Moon | 1 | |
| Moon Armor | 1 | |
| Sentinel | 1 | |
| Druid of the Claw Training | 2 | |
| Druid of the Talon Training | 2 | |
| Strength of the Wild | 3 | |
| Upgrade Moon Glaive | 1 | |
| Improved Bows | 1 | |
| Mark of the Talon | 1 | |
| Mark of the Claw | 1 | |
| Reinforced Hides | 3 | |
| Corrosive Breath | 1 | |
18 total
» buildings
| Altar of Elders | 1 | |
| Moon Well | 10 | |
| Ancient of War | 2 | |
| Hunter's Hall | 1 | |
| Ancient Protector | 2 | |
| Tree of Ages | 1 | |
| Ancient of Wind | 2 | |
| Ancient of Lore | 1 | |
| Tree of Eternity | 1 | |
| Ancient of Wonders | 1 | |
| Tree of Life | 5 | |
| Chimaera Roost | 2 | |
29 total
» build order
00:22 Altar of Elders
00:35 Moon Well
01:19 Ancient of War
01:37 Moon Well
02:29 Hunter's Hall
02:37 Ancient of War
03:07 Moon Well
04:05 Ancient Protector
04:11 Tree of Ages
07:20 Ancient of Wind
07:25 Ancient of Lore
08:02 Tree of Eternity
09:02 Moon Well
10:24 Moon Well
14:08 Ancient of Wonders
15:09 Tree of Life
17:31 Moon Well
18:26 Tree of Life
18:48 Tree of Life
19:03 Moon Well
20:14 Chimaera Roost
23:09 Ancient of Wind
25:48 Tree of Life
27:08 Chimaera Roost
28:33 Moon Well
31:10 Moon Well
32:54 Moon Well
33:58 Ancient Protector
43:27 Tree of Life
» items
Chat log
(34:58 / All) ZombieMachoMan: what are you going to do when that doesnt work?
(40:03 / All) ZombieMachoMan: hmm
(40:05 / All) ZombieMachoMan: ragequit time?
(41:34 / All) ZombieMachoMan: no orb?
(41:34 / All) ZombieMachoMan: lol
(41:45 / All) ZombieMachoMan: youve played like 2000 gam)es and you dont get orb
(41:46 / All) ZombieMachoMan: god you suck
(42:24 / All) ZombieMachoMan: why are you so bad?
(42:27 / All) ZombieMachoMan: youve played SO many games
(42:44 / All) ZombieMachoMan: leave noob
(42:45 / All) ZombieMachoMan: its over
(43:06 / All) ZombieMachoMan: you cant win unless you drophack me or something
(44:20 / All) ZombieMachoMan: LOL
(44:21 / All) ZombieMachoMan: wow
(44:23 / All) ZombieMachoMan: youre awful
(44:25 / All) ZombieMachoMan: are you brain damaged?
(44:56 / All) ZombieMachoMan: LOL
(44:58 / All) ZombieMachoMan: it wont help you
(45:10 / All) ZombieMachoMan: call it charity
(45:23 / All) ZombieMachoMan: you dont even have blink yet
(45:28 / All) ZombieMachoMan: and youre not using your ultimate
(45:30 / All) ZombieMachoMan: WOW
(47:27 / All) ZombieMachoMan: leave noob
(47:41 / All) ZombieMachoMan: wow